Get step-by-step instructions on how to execute this build order below. Start the game timer, and the build order will tick by so you can play in parallel with StarCraft on a second screen or mobile device.

Game Time

  0:00

Last Step

  N/A

Next Step

Upcoming Step



Don't want to look back and forth between 2 screens? Try out our Overwolf App, the Spawning Tool Build Advisor to get an in-game overlay with this build!

Complete Build Order

  1  0:00  Ghost x3, Stimpack, Marine x25, Medivac x2, Combat Shield  
  25  0:18  Barracks Tech Lab  
  31  0:23  Starport Tech Lab  
  31  0:24  Factory Tech Lab  
  35  1:34  Medivac x2  
  35  1:35  Medivac  
  35  1:37  Ghost  
  35  1:38  Ghost x3  
  26  1:44  Marine  
  26  1:45  Marine x18